[Event "Titled Tuesday Blitz December 27 Early 2022"]
[White "Tymrakiewicz, Rafal"]
[Black "Sargissyan, Sargis"]
[WhiteFideId "1108832"]
[BlackFideId "13303210"]
[WhiteElo "2144"]
[BlackElo "2234"]
[Result "1-0"]
[Round "10"]
[TimeControl "180+2"]
[Date "2022.12.27"]
[WhiteClock "0:00:09"]
[BlackClock "0:00:01"]

1. e4 e5 2. Nf3 Nc6 3. Bb5 Nf6 4. Bxc6 dxc6 5. Nc3 Bg4 6. h3 Bxf3 7. Qxf3 Bc5 8. d3 O-O 9. Bg5 Be7 10. O-O-O Nd7 11. Be3 Bb4 12. Ne2 Qf6 13. Qg4 Rfd8 14. Rhf1 Qg6 15. Qxg6 hxg6 16. d4 exd4 17. Rxd4 Bc5 18. Rd3 Bxe3+ 19. Rxe3 Ne5 20. b3 g5 21. g3 a5 22. f4 gxf4 23. gxf4 Ng6 24. Rg1 Nf8 25. Reg3 g6 26. h4 Re8 27. e5 a4 28. b4 c5 29. h5 cxb4 30. Nd4 Ra6 31. Nf3 Kg7 32. f5 b3 33. cxb3 axb3 34. axb3 Ra1+ 35. Kd2 Rxg1 36. Rxg1 Nd7 37. e6 fxe6 38. Rxg6+ Kf7 39. Ng5+ Kf8 40. Nxe6+ Ke7 41. Rg7+ Kd6 42. h6 Rh8 43. Rg6 Ke5 44. Nxc7 Kxf5 45. Rg7 Nf6 46. Rf7 Rxh6 47. Nd5 Ke6 48. Re7+ Kd6 49. Nxf6 1-0


[Site "https://www.chess.com"]

[Event "Titled Tuesday Blitz December 27 Early 2022"]
[White "Vakhlamov, Igor L."]
[Black "Belozerov, Andrei"]
[WhiteFideId "24126748"]
[BlackFideId "4120213"]
[WhiteElo "2413"]
[BlackElo "2461"]
[Result "0-1"]
[Round "10"]
[TimeControl "180+2"]
[Date "2022.12.27"]
[WhiteClock "0:00:31"]
[BlackClock "0:00:56"]

1. e4 c5 2. Nf3 Nc6 3. Nc3 g6 4. d4 cxd4 5. Nxd4 Bg7 6. Nxc6 bxc6 7. Bc4 d6 8. O-O Nf6 9. Bg5 O-O 10. Re1 Ng4 11. Qd2 Be6 12. Bb3 a5 13. Rad1 a4 14. Nxa4 c5 15. Bxe6 fxe6 16. b3 Rxf2 17. Qd3 Bd4 18. Kh1 Rf5 19. Bh4 Rh5 20. c3 Rxh4 21. Qf3 Rxh2# 0-1


[Site "https://www.chess.com"]

[Event "Titled Tuesday Blitz December 27 Early 2022"]
[White "Vargas, Mauricio"]
[Black "Rose, Felix"]
[WhiteFideId "4404572"]
[BlackFideId "5105722"]
[WhiteElo "2035"]
[BlackElo "2091"]
[Result "0-1"]
[Round "10"]
[TimeControl "180+2"]
[Date "2022.12.27"]
[WhiteClock "0:00:41"]
[BlackClock "0:00:25"]

1. e4 c5 2. Nc3 e6 3. f4 Nc6 4. Nf3 g6 5. Bb5 Nd4 6. Nxd4 cxd4 7. Ne2 Bg7 8. d3 Ne7 9. a4 a6 10. Bc4 O-O 11. O-O d5 12. Bb3 dxe4 13. dxe4 Nc6 14. e5 Qb6 15. Kh1 Rd8 16. Ng3 Bd7 17. Qe1 Na5 18. Ba2 Rac8 19. Bd2 Nc4 20. Bxc4 Rxc4 21. Ba5 Qc6 22. Bxd8 Rxc2 23. Rf2 d3 24. Rxc2 dxc2 25. Rc1 Qc8 26. Bf6 Bxa4 27. Qd2 Bf8 28. Ne4 Qc4 29. Nc3 Bb3 30. h3 b5 31. Qe2 Qc6 32. Ne4 b4 33. Ng5 a5 34. Qd2 Qd5 35. Qxd5 exd5 36. e6 fxe6 37. Nxe6 Kf7 38. Nxf8 Kxf6 39. Nd7+ Kf5 40. Nc5 a4 41. Nxb3 axb3 42. g3 d4 43. Kg2 d3 44. Kf3 d2 45. g4+ Ke6 46. Ra1 d1=Q+ 47. Rxd1 cxd1=Q+ 48. Ke4 Qc2+ 49. Kf3 Qxb2 50. Ke4 Qc3 51. f5+ gxf5+ 52. gxf5+ Kf6 53. h4 Qe5+ 54. Kf3 b2 55. h5 b1=Q 56. h6 Qbxf5+ 57. Kg2 Qe2+ 58. Kg3 Qef3+ 59. Kh2 Q5h3+ 60. Kg1 Qff1# 0-1


[Site "https://www.chess.com"]

[Event "Titled Tuesday Blitz December 27 Early 2022"]
[White "Veiga, Emerson de Sousa"]
[Black "Kho, Darrell"]
[WhiteFideId "2151898"]
[BlackFideId "1019317"]
[WhiteElo "2121"]
[BlackElo "2075"]
[Result "0-1"]
[Round "10"]
[TimeControl "180+2"]
[Date "2022.12.27"]
[WhiteClock "0:00:04"]
[BlackClock "0:00:06"]

1. e4 g6 2. d4 Bg7 3. h4 h5 4. Nh3 d6 5. Ng5 e6 6. Be3 Nd7 7. Bc4 a6 8. Bxe6 fxe6 9. Nxe6 Qe7 10. Nxc7+ Kd8 11. Nxa8 Qxe4 12. Nc3 Qxg2 13. Rf1 Ngf6 14. Qd3 Qg4 15. f3 Qxh4+ 16. Bf2 Qg5 17. Be3 Re8 18. Kd2 Qg3 19. Rae1 h4 20. Ne4 Nxe4+ 21. fxe4 h3 22. d5 Nc5 23. Bxc5 Qxd3+ 24. Kxd3 dxc5 25. Nb6 Bg4 26. Rf7 Be5 27. Nc4 Bg3 28. Ref1 h2 29. Rxb7 Bh3 30. Rd1 Bg2 31. Nb6 Bxe4+ 32. Kc4 Re5 33. Rd7+ Ke8 34. Rh7 Rh5 35. Rxh5 gxh5 36. d6 Bf2 37. d7+ Kd8 38. Nd5 Bxd5+ 39. Kxd5 Bg1 40. Ke6 h1=Q 41. Rf1 Qe4+ 42. Kf7 Qc4+ 43. Kg6 Qxf1 44. Kxh5 Qf5+ 0-1


[Site "https://www.chess.com"]

[Event "Titled Tuesday Blitz December 27 Early 2022"]
[White "Vifleemskaia, Svetlana"]
[Black "Rosh Jain"]
[WhiteFideId "4129490"]
[BlackFideId "25789465"]
[WhiteElo "1971"]
[BlackElo "2248"]
[Result "1-0"]
[Round "10"]
[TimeControl "180+2"]
[Date "2022.12.27"]
[WhiteClock "0:00:14"]
[BlackClock "0:00:01"]

1. d4 Nf6 2. c4 e6 3. Nc3 d5 4. cxd5 exd5 5. Bg5 Be7 6. e3 h6 7. Bh4 O-O 8. Bd3 c5 9. Nge2 Nc6 10. O-O cxd4 11. Nxd4 Nxd4 12. exd4 Be6 13. h3 Nd7 14. Bg3 Bh4 15. Bd6 Qb6 16. Bxf8 Rxf8 17. Na4 Qd6 18. f4 Bf6 19. f5 Bxd4+ 20. Kh1 Qg3 21. Qf3 Qxf3 22. Rxf3 Ne5 23. fxe6 Nxf3 24. e7 Re8 25. gxf3 Rxe7 26. Rc1 g6 27. Kg2 Kg7 28. Nc3 Re3 29. Bf1 Re5 30. Rd1 Rg5+ 31. Kh2 Be5+ 32. Kh1 d4 33. Ne4 Rf5 34. Bg2 Rf4 35. Nf2 Bf6 36. Ne4 Be5 37. Nf2 Rf6 38. Ng4 Re6 39. Nxe5 Rxe5 40. Rxd4 Re2 41. Rb4 b6 42. f4 Kf6 43. Kh2 Kf5 44. Kg3 Rc2 45. Rb5+ Kf6 46. Rb4 Rd2 47. Bf3 Ke6 48. h4 f5 49. a4 Kf6 50. b3 Rd3 51. Kf2 Rc3 52. Be2 Rh3 53. a5 Rxh4 54. Kg3 1-0


[Site "https://www.chess.com"]

[Event "Titled Tuesday Blitz December 27 Early 2022"]
[White "Wagner, Dennis"]
[Black "Shuvalov, Evgenij"]
[WhiteFideId "24650684"]
[BlackFideId "4187237"]
[WhiteElo "2595"]
[BlackElo "2038"]
[Result "0-1"]
[Round "10"]
[TimeControl "180+2"]
[Date "2022.12.27"]
[WhiteClock "0:00:13"]
[BlackClock "0:00:16"]

1. d4 Nf6 2. Nf3 d5 3. c4 c6 4. cxd5 cxd5 5. Nc3 Nc6 6. Bf4 Bf5 7. Rc1 e6 8. Qb3 Bb4 9. e3 O-O 10. Bb5 Rc8 11. O-O Be7 12. Bxc6 Rxc6 13. Qxb7 Rb6 14. Qxa7 Rxb2 15. Bc7 Qa8 16. Qxa8 Rxa8 17. Ne5 h6 18. Nc6 Ba3 19. Bd8 Rd2 20. Rb1 Bxb1 21. Nxb1 Rxa2 22. Nxa3 R2xa3 23. Bxf6 gxf6 24. Rc1 Ra1 25. Rf1 Rxf1+ 26. Kxf1 Ra1+ 27. Ke2 Rb1 28. g3 Kf8 29. Kd3 Rb2 30. f3 Rxh2 31. e4 Rh3 32. exd5 exd5 33. Nb4 Rxg3 34. Nxd5 Rxf3+ 35. Ke4 Rf1 36. Nb6 h5 37. d5 Ke7 38. Nc8+ Kd7 39. Nb6+ Kd6 40. Nc4+ Kc5 41. Ne3 Re1 42. Kf3 Rxe3+ 43. Kxe3 Kxd5 44. Kf4 Ke6 45. Ke4 f5+ 46. Kf4 Kf6 47. Kg3 Kg5 48. Kh3 f4 49. Kg2 Kg4 50. Kf2 f3 51. Kg1 Kg3 52. Kh1 f6 53. Kg1 f2+ 54. Kf1 h4 55. Ke2 Kg2 0-1


[Site "https://www.chess.com"]

[Event "Titled Tuesday Blitz December 27 Early 2022"]
[White "Warchol, Kamil"]
[Black "Da Silva Junior, Sediney Mari"]
[WhiteFideId "21858241"]
[BlackFideId "2132079"]
[WhiteElo "2173"]
[BlackElo "2010"]
[Result "1-0"]
[Round "10"]
[TimeControl "180+2"]
[Date "2022.12.27"]
[WhiteClock "0:00:58"]
[BlackClock "0:02:16"]

1. e4 e6 2. d4 d5 3. Nd2 c5 4. Ngf3 cxd4 5. Nxd4 Nc6 6. Bb5 Bd7 7. Nxc6 bxc6 8. Bd3 e5 9. O-O Nf6 10. exd5 cxd5 11. Re1 Bd6 12. Nf3 e4 13. Bxe4 Bxh2+ 14. Nxh2 dxe4 15. Bg5 O-O 16. Bxf6 gxf6 17. Rxe4 Bf5 18. Rd4 Qb6 19. Ng4 Qxb2 20. Nh6+ 1-0


[Site "https://www.chess.com"]

[Event "Titled Tuesday Blitz December 27 Early 2022"]
[White "Weetik, Vjacheslav"]
[Black "Ovchinnikov, Vsevolod"]
[WhiteFideId "4153472"]
[BlackFideId "24176842"]
[WhiteElo "2423"]
[BlackElo "2426"]
[Result "1-0"]
[Round "10"]
[TimeControl "180+2"]
[Date "2022.12.27"]
[WhiteClock "0:00:37"]
[BlackClock "0:00:10"]

1. d4 Nf6 2. Nf3 g6 3. Bg5 Bg7 4. c3 d6 5. Nbd2 Nbd7 6. e4 h6 7. Bh4 g5 8. Bg3 Nh5 9. Bc4 e6 10. Qe2 a6 11. Bb3 Nf8 12. h4 Nxg3 13. fxg3 g4 14. Nh2 h5 15. O-O-O Bd7 16. Nhf1 Qe7 17. Ne3 O-O-O 18. Rhf1 Ng6 19. Kb1 Bh6 20. Nc2 Bb5 21. Bc4 Bxc4 22. Nxc4 Rhf8 23. Nb4 Qd7 24. d5 Qb5 25. a4 Qxa4 26. Nb6+ cxb6 27. Qc4+ Kb8 28. Nc6+ bxc6 29. Qxa4 Ka7 30. Qxc6 Rc8 31. Qd7+ Ka8 32. Rxf7 Rxf7 33. Qxc8+ Ka7 34. Qxe6 Rg7 35. Rf1 1-0


[Site "https://www.chess.com"]

[Event "Titled Tuesday Blitz December 27 Early 2022"]
[White "Xiong, Jeffery"]
[Black "Bok, Benjamin"]
[WhiteFideId "2047640"]
[BlackFideId "1017063"]
[WhiteElo "2692"]
[BlackElo "2607"]
[Result "1-0"]
[Round "10"]
[TimeControl "180+2"]
[Date "2022.12.27"]
[WhiteClock "0:00:10"]
[BlackClock "0:00:05"]

1. d4 Nf6 2. Nf3 d5 3. Bf4 c5 4. e3 Nc6 5. Nbd2 Qb6 6. dxc5 Qxb2 7. Rb1 Qc3 8. Bb5 g6 9. O-O Bg7 10. Nb3 O-O 11. Bxc6 bxc6 12. Be5 Qc4 13. Qd4 Qa6 14. Qb4 Ne4 15. Bxg7 Kxg7 16. Ne5 f6 17. f3 Ng5 18. Nd3 Bd7 19. Qa5 Qxa5 20. Nxa5 Rab8 21. Rb3 Rxb3 22. axb3 e5 23. Nb7 Rb8 24. Nd6 Nf7 25. Ra1 Ra8 26. Ra6 Nd8 27. Nb2 Ne6 28. Na4 Kf8 29. Ra5 Nc7 30. e4 Ke7 31. Kf2 d4 32. Ke2 h5 33. Kd3 h4 34. g3 hxg3 35. hxg3 a6 36. Nb6 Rh8 37. Ra1 Rh3 38. Rg1 Ne6 39. Kc4 g5 40. Ra1 Rh2 41. Ra2 Rf2 42. Kb4 Rxf3 43. Rxa6 Nc7 44. Ra7 Kd8 45. Nf7+ Ke7 46. Rxc7 Kxf7 47. Rxd7+ Kg6 48. Rd6 Rxg3 49. Nd7 Kf7 50. Nxf6 Rf3 51. Ng4 Ke7 52. Nxe5 Rf4 53. Nxc6+ Kf7 54. Rxd4 g4 55. Ne5+ Ke6 56. Nxg4 Rxg4 57. c6 Rg7 58. Kc5 1-0


[Site "https://www.chess.com"]

[Event "Titled Tuesday Blitz December 27 Early 2022"]
[White "Yuan, Qingyu"]
[Black "Xu, Yi"]
[WhiteFideId "8609772"]
[BlackFideId "8605564"]
[WhiteElo "2373"]
[BlackElo "2527"]
[Result "0-1"]
[Round "10"]
[TimeControl "180+2"]
[Date "2022.12.27"]
[WhiteClock "0:00:04"]
[BlackClock "0:00:39"]

1. e4 c5 2. Nf3 d6 3. d4 cxd4 4. Nxd4 Nf6 5. Nc3 a6 6. Rg1 h5 7. Be3 Nbd7 8. h3 g6 9. g4 hxg4 10. hxg4 Bg7 11. g5 Nh5 12. Be2 Ne5 13. f4 Nc6 14. Nd5 Bd7 15. Nxc6 Bxc6 16. Bb6 Qc8 17. Bg4 e6 18. Nc7+ Ke7 19. Nxa8 Qxa8 20. Bc7 d5 21. Bxh5 Rxh5 22. e5 Qa7 23. Kf1 Rh2 24. Qf3 Bb5+ 25. Ke1 Qxg1+ 26. Qf1 Qxf1# 0-1


[Site "https://www.chess.com"]

[Event "Titled Tuesday Blitz December 27 Early 2022"]
[White "Zemlyanskii, Ivan"]
[Black "Mathieu, Phileas"]
[WhiteFideId "24249971"]
[BlackFideId "36048410"]
[WhiteElo "2300"]
[BlackElo "2374"]
[Result "1-0"]
[Round "10"]
[TimeControl "180+2"]
[Date "2022.12.27"]
[WhiteClock "0:00:23"]
[BlackClock "0:00:02"]

1. d4 Nf6 2. c4 c5 3. d5 b5 4. Nf3 Bb7 5. a4 b4 6. Nc3 bxc3 7. bxc3 d6 8. Qc2 g6 9. e4 Bg7 10. Bd3 O-O 11. a5 Nbd7 12. a6 Bc8 13. h3 Nb8 14. e5 dxe5 15. Nxe5 Nxd5 16. Be4 e6 17. f4 Qh4+ 18. Qf2 Qxf2+ 19. Kxf2 Rd8 20. Rd1 Bxa6 21. cxd5 Bb7 22. dxe6 Rxd1 23. exf7+ Kf8 24. Bxb7 Nd7 25. Nxd7+ Rxd7 26. Bxa8 Bxc3 27. Ra6 Kxf7 28. Be3 Bb4 29. Bc6 Rc7 30. Bb5 Kg7 31. Bc4 Kf8 32. Kf3 Kg7 33. g4 Kf8 34. h4 Kg7 35. h5 gxh5 36. gxh5 Kf8 37. f5 Kg7 38. Bh6+ Kh8 39. f6 Bd2 40. Bxd2 Rb7 41. Bh6 Rc7 42. Rc6 1-0


[Site "https://www.chess.com"]

[Event "Titled Tuesday Blitz December 27 Early 2022"]
[White "Abdilkhair, Abilmansur"]
[Black "Ljukin, Sergei"]
[WhiteFideId "13716417"]
[BlackFideId "14102200"]
[WhiteElo "2268"]
[BlackElo "2362"]
[Result "0-1"]
[Round "11"]
[TimeControl "180+2"]
[Date "2022.12.27"]
[WhiteClock "0:00:02"]
[BlackClock "0:00:08"]

1. e4 e6 2. d4 d5 3. Nc3 Bb4 4. Ne2 Nc6 5. exd5 exd5 6. a3 Ba5 7. b4 Bb6 8. Na4 Nge7 9. c3 O-O 10. Ng3 f5 11. f4 Ng6 12. Be2 Bd7 13. Nxb6 axb6 14. O-O Qe7 15. Bf3 Qd6 16. Nh1 Nce7 17. g3 Bb5 18. Re1 Rae8 19. a4 Bc4 20. b5 c5 21. bxc6 bxc6 22. Ba3 Qc7 23. Bh5 Rf7 24. Bxg6 hxg6 25. Nf2 Ra8 26. Nh3 c5 27. Ng5 Rf6 28. Re3 cxd4 29. Qxd4 Nc6 30. Qd2 Qd7 31. Rae1 Bb3 32. Qb2 Bxa4 33. Qxb6 Rb8 34. Qxb8+ Nxb8 35. Re7 Qc6 36. Bb4 d4 37. cxd4 Na6 38. Ba3 Nc7 0-1


[Site "https://www.chess.com"]

[Event "Titled Tuesday Blitz December 27 Early 2022"]
[White "Aghamaliyev, Cemil"]
[Black "Clawitter, Craig"]
[WhiteFideId "13400215"]
[BlackFideId "2023105"]
[WhiteElo "2482"]
[BlackElo "2050"]
[Result "1-0"]
[Round "11"]
[TimeControl "180+2"]
[Date "2022.12.27"]
[WhiteClock "0:02:01"]
[BlackClock "0:00:01"]

1. d3 e6 2. Nf3 Nf6 3. g3 d5 4. Bg2 Be7 5. O-O O-O 6. Nbd2 c5 7. e4 Nc6 8. Re1 b5 9. c3 b4 10. e5 Nd7 11. Nf1 bxc3 12. bxc3 Qa5 13. Bd2 Ba6 14. c4 Qa3 15. cxd5 exd5 16. Ne3 Nb6 17. d4 cxd4 18. Nf5 Bb4 19. N3xd4 Nxd4 20. Nxd4 Bxd2 21. Qxd2 Qd3 22. Qf4 Rac8 23. Nf5 Rc2 24. Rad1 Qa3 25. Qg5 g6 26. Nh6+ Kg7 27. Ng4 f5 28. exf6+ 1-0


[Site "https://www.chess.com"]

[Event "Titled Tuesday Blitz December 27 Early 2022"]
[White "Akylbekov, Nasyr"]
[Black "Aghasiyev, Kamal"]
[WhiteFideId "13800353"]
[BlackFideId "13402854"]
[WhiteElo "2239"]
[BlackElo "2441"]
[Result "0-1"]
[Round "11"]
[TimeControl "180+2"]
[Date "2022.12.27"]
[WhiteClock "0:00:02"]
[BlackClock "0:00:01"]

1. e4 c5 2. Nf3 e6 3. Nc3 a6 4. d4 cxd4 5. Nxd4 b5 6. Bd3 Bb7 7. Qe2 Ne7 8. a4 b4 9. Na2 Nbc6 10. Nxc6 Nxc6 11. Be3 Be7 12. f4 O-O 13. O-O d5 14. exd5 exd5 15. Qf2 Bf6 16. Rad1 Bxb2 17. Bc5 Qa5 18. Bxf8 Rxf8 19. Qh4 h6 20. Nc1 Bf6 21. Qh5 Ne7 22. Rfe1 Qxa4 23. Nb3 Qc6 24. Re3 Qb6 25. Re1 Bc3 26. Re2 a5 27. Kh1 Ng6 28. Qf5 a4 29. Nc1 Bd2 30. Re6 fxe6 31. Qxg6 Rf6 32. Qe8+ Rf8 33. Qg6 Rf6 34. Qh7+ Kf7 35. Rxd2 Qe3 36. Rd1 d4 37. Qh8 Qf2 38. Rg1 b3 39. Qb8 Bd5 40. Qc7+ Kg8 41. cxb3 axb3 42. Nxb3 Rxf4 43. Nc5 Qd2 0-1


[Site "https://www.chess.com"]

[Event "Titled Tuesday Blitz December 27 Early 2022"]
[White "Andreev, Eduard"]
[Black "Khoroshev, Nikita"]
[WhiteFideId "14103400"]
[BlackFideId "14200287"]
[WhiteElo "2413"]
[BlackElo "2336"]
[Result "1/2-1/2"]
[Round "11"]
[TimeControl "180+2"]
[Date "2022.12.27"]
[WhiteClock "0:00:05"]
[BlackClock "0:00:21"]

1. e4 e6 2. d4 d5 3. exd5 exd5 4. Nf3 Nc6 5. Bd3 Bd6 6. O-O Nge7 7. Re1 O-O 8. Bg5 f6 9. Bh4 Bf5 10. c3 Qd7 11. Bg3 Rfe8 12. Qc2 Bxd3 13. Qxd3 Qf5 14. Qxf5 Nxf5 15. Nbd2 Bxg3 16. hxg3 Nd6 17. Rxe8+ Rxe8 18. Re1 Kf7 19. Rxe8 Kxe8 20. Kf1 Kd7 21. Ke2 Ke6 22. Kd3 b6 23. Ng1 Na5 24. b3 c5 25. dxc5 bxc5 26. Ne2 g5 27. g4 Nc6 28. f3 Ne5+ 29. Ke3 a5 30. Nc1 Nb5 31. Ne2 h6 32. Nf1 Nc6 33. Nfg3 d4+ 34. Kd2 Nd6 35. cxd4 cxd4 36. Nh5 Ke5 37. g3 f5 38. gxf5 Nxf5 39. f4+ gxf4 40. Nexf4 Ke4 41. a3 Kf3 42. Ne6 Nxg3 43. Nxg3 Kxg3 44. b4 axb4 45. axb4 Nxb4 46. Nxd4 h5 47. Ke2 Kg2 48. Nf5 Nd5 49. Nh4+ Kg3 50. Ng6 Nf6 51. Kf1 Ng4 52. Kg1 Ne3 53. Kh1 Kg4 54. Kg1 Kg5 55. Ne5 Kf5 56. Nf3 Kf4 57. Nh4 Ng4 58. Ng6+ Kg5 59. Nf8 h4 60. Ne6+ Kf5 61. Nd4+ Ke4 62. Ne2 Kf3 63. Nd4+ Kg3 64. Nf5+ Kh3 65. Nxh4 1/2-1/2


[Site "https://www.chess.com"]

[Event "Titled Tuesday Blitz December 27 Early 2022"]
[White "Ankerst, Mihael"]
[Black "Gerbelli Neto, Eduardo"]
[WhiteFideId "14602369"]
[BlackFideId "2103281"]
[WhiteElo "2370"]
[BlackElo "2114"]
[Result "0-1"]
[Round "11"]
[TimeControl "180+2"]
[Date "2022.12.27"]
[WhiteClock "0:00:02"]
[BlackClock "0:00:13"]

1. e4 e5 2. Nf3 Nc6 3. Nc3 Nf6 4. d4 exd4 5. Nxd4 Bb4 6. Nxc6 bxc6 7. Bd3 d5 8. exd5 cxd5 9. O-O O-O 10. Bg5 c6 11. Ne2 h6 12. Bh4 Bd6 13. Nd4 Bd7 14. Qf3 Rb8 15. b3 Be5 16. c3 c5 17. Nf5 Re8 18. Rac1 Bxf5 19. Qxf5 g6 20. Qf3 Kg7 21. Rfe1 Qd6 22. h3 Re6 23. c4 Rbe8 24. Bxf6+ Bxf6 25. Rxe6 fxe6 26. Re1 Bd4 27. Qg4 e5 28. cxd5 Rf8 29. Re2 Rf6 30. Qe4 Qf8 31. Kh1 Qf7 32. Rc2 Rf4 33. Qe1 Rxf2 34. Rxf2 Qxf2 35. Qxf2 Bxf2 36. g4 Bh4 37. Kg2 Kf6 38. Kf3 Bg5 39. Ke4 Bf4 40. Bb5 g5 41. d6 Ke6 42. d7 Ke7 43. Kd5 Bg3 44. Kxc5 e4 45. Kd4 Bc7 46. Kxe4 Ke6 47. Kd4 Bb6+ 48. Kc4 Kd6 49. b4 a5 50. bxa5 Bxa5 51. Kd4 Bb6+ 52. Ke4 Ke6 0-1


[Site "https://www.chess.com"]

[Event "Titled Tuesday Blitz December 27 Early 2022"]
[White "Avila Pavas, Santiago"]
[Black "Bilych, Olexiy"]
[WhiteFideId "4437128"]
[BlackFideId "14156504"]
[WhiteElo "2522"]
[BlackElo "2441"]
[Result "1-0"]
[Round "11"]
[TimeControl "180+2"]
[Date "2022.12.27"]
[WhiteClock "0:00:23"]
[BlackClock "0:00:30"]

1. d4 Nf6 2. Nf3 d5 3. Bf4 c5 4. e3 Nc6 5. Nc3 Bg4 6. Be2 Bxf3 7. Bxf3 cxd4 8. exd4 e6 9. O-O Bd6 10. Bxd6 Qxd6 11. Ne2 O-O 12. c3 b5 13. a3 a5 14. Rc1 Rab8 15. Qd3 b4 16. axb4 axb4 17. c4 dxc4 18. Qxc4 Ne7 19. Qc5 Rfd8 20. Rc4 Nfd5 21. Rfc1 g6 22. g3 Kg7 23. h4 h5 24. Kg2 Rb6 25. Ng1 Ra6 26. Bxd5 Nxd5 27. Nf3 Ra2 28. R1c2 Ra1 29. Ng5 Rd1 30. Qa7 Rd7 31. Qc5 Qa6 32. Qc8 Qxc8 33. Rxc8 Rxd4 34. Rb8 Ne7 35. Rc5 Nd5 36. Rcc8 Rd2 37. Rg8+ Kh6 38. Rh8+ Kg7 39. Rh7+ Kf6 40. Ne4+ Ke5 41. Nxd2 Nf6 42. Nf3+ Kd5 43. Rhh8 Ng4 44. Rxb4 Rc7 45. Rd4+ Kc5 46. Rb8 e5 47. Rd1 Ra7 48. Rc8+ Kb4 49. Rb8+ Kc5 50. Rc1+ Kd5 51. Rd8+ Ke6 52. Rd2 Rb7 53. Rb1 Rb3 54. Re1 Kf5 55. Rxe5+ Nxe5 56. Nd4+ Ke4 57. Nxb3 Nc4 58. Rd4+ Ke5 59. Rxc4 f5 60. Rc3 f4 61. gxf4+ Kxf4 62. Nd2 Kg4 63. b4 g5 64. hxg5 h4 65. b5 h3+ 66. Rxh3 1-0


[Site "https://www.chess.com"]

[Event "Titled Tuesday Blitz December 27 Early 2022"]
[White "Babazada, Khazar"]
[Black "Movahed, Sina"]
[WhiteFideId "13413554"]
[BlackFideId "42520835"]
[WhiteElo "2474"]
[BlackElo "2340"]
[Result "1-0"]
[Round "11"]
[TimeControl "180+2"]
[Date "2022.12.27"]
[WhiteClock "0:00:29"]
[BlackClock "0:00:09"]

1. e4 c5 2. Nf3 d6 3. d4 cxd4 4. Nxd4 Nf6 5. Nc3 g6 6. Be2 Bg7 7. Be3 O-O 8. f3 Nc6 9. Qd2 Nxd4 10. Bxd4 Be6 11. g4 b5 12. h4 b4 13. Nd1 Qc7 14. h5 Rfc8 15. Ne3 a5 16. Bd3 Nxh5 17. Bxg7 Nxg7 18. Nf5 Bxf5 19. Qh6 Kf8 20. Qxh7 e6 21. gxf5 exf5 22. Qh8+ Ke7 23. Qxg7 Qc5 24. O-O-O b3 25. axb3 a4 26. exf5 a3 27. Rde1+ Kd8 28. Qxf7 axb2+ 29. Kd2 1-0


[Site "https://www.chess.com"]

[Event "Titled Tuesday Blitz December 27 Early 2022"]
[White "Bachmann, Axel"]
[Black "Yuan, Qingyu"]
[WhiteFideId "3700488"]
[BlackFideId "8609772"]
[WhiteElo "2604"]
[BlackElo "2373"]
[Result "0-1"]
[Round "11"]
[TimeControl "180+2"]
[Date "2022.12.27"]
[WhiteClock "0:00:02"]
[BlackClock "0:00:33"]

1. Nf3 d5 2. e3 Nf6 3. c4 e6 4. b3 Be7 5. Bb2 O-O 6. Nc3 b6 7. cxd5 Nxd5 8. Nxd5 exd5 9. Rc1 c5 10. d4 Bb7 11. Be2 Nd7 12. O-O Rc8 13. h3 Re8 14. Bd3 Bd6 15. Qe2 Nf6 16. Rfd1 Ne4 17. Ba6 Qe7 18. Nd2 Bxa6 19. Qxa6 Nxf2 20. Re1 Qh4 21. Qe2 Ne4 22. Nf3 Qg3 23. dxc5 Bxc5 24. Bd4 Bd6 25. Rf1 h6 26. Rxc8 Rxc8 27. Qa6 Rc2 0-1


[Site "https://www.chess.com"]

[Event "Titled Tuesday Blitz December 27 Early 2022"]
[White "Balakrishnan, Praveen"]
[Black "Bortnyk, Olexandr"]
[WhiteFideId "2064871"]
[BlackFideId "14120828"]
[WhiteElo "2529"]
[BlackElo "2605"]
[Result "0-1"]
[Round "11"]
[TimeControl "180+2"]
[Date "2022.12.27"]
[WhiteClock "0:01:05"]
[BlackClock "0:02:10"]

1. e4 Nf6 2. e5 Nd5 3. d4 d6 4. Nf3 dxe5 5. Nxe5 c6 6. Bc4 Nd7 7. Nf3 N7f6 8. O-O Bg4 9. Be2 e6 10. c4 Nb6 11. b3 Be7 12. Bb2 O-O 13. h3 Bh5 14. Nbd2 Qc7 15. Ne5 Bxe2 16. Qxe2 Rad8 17. Rad1 Nbd7 18. Ndf3 Nxe5 19. Nxe5 Qa5 20. a3 Qb6 21. Rd3 Nd7 22. Nf3 Bf6 23. Rfd1 Rfe8 24. Qc2 a5 25. Bc3 Qa6 26. Qd2 a4 27. Qc2 Nb6 28. c5 axb3 29. Qxb3 Nd5 30. Rb1 Qxd3 0-1


[Site "https://www.chess.com"]

[Event "Titled Tuesday Blitz December 27 Early 2022"]
[White "Barbashin, Igor"]
[Black "Kahlert, Thomas"]
[WhiteFideId "4155718"]
[BlackFideId "4625242"]
[WhiteElo "2169"]
[BlackElo "2144"]
[Result "1/2-1/2"]
[Round "11"]
[TimeControl "180+2"]
[Date "2022.12.27"]
[WhiteClock "0:00:01"]
[BlackClock "0:00:30"]

1. d4 Nf6 2. c4 c5 3. e3 cxd4 4. exd4 g6 5. Nf3 Bg7 6. Nc3 O-O 7. Be2 d5 8. O-O dxc4 9. Bxc4 b6 10. Re1 Bb7 11. Bf4 Nc6 12. Rc1 Na5 13. Be2 Rc8 14. Be5 Nc4 15. Qb3 Nxe5 16. dxe5 Nd5 17. Red1 e6 18. Bc4 Qe7 19. Bxd5 exd5 20. Nxd5 Bxd5 21. Qxd5 Rxc1 22. Rxc1 Rd8 23. Qe4 h6 24. h3 Qe6 25. a3 Qb3 26. Rc7 Qxb2 27. e6 f5 28. Qc4 Re8 29. e7+ Kh7 30. Rxa7 Qa1+ 31. Kh2 Qf6 32. Qc7 g5 33. Qd8 Qf7 34. Qd7 Qf6 35. Rc7 Qf7 36. Qb5 g4 37. hxg4 fxg4 38. Nh4 Qf4+ 39. g3 Qxc7 40. Qf5+ Kg8 41. Qe6+ Kh7 42. Qf5+ Kh8 43. Ng6+ Kg8 44. Qe6+ Kh7 45. Qf7 Qc6 46. Nf8+ Kh8 47. Ng6+ Kh7 48. Nf8+ Kh8 49. Ng6+ Kh7 1/2-1/2


[Site "https://www.chess.com"]

[Event "Titled Tuesday Blitz December 27 Early 2022"]
[White "Bazarov, Konstantin"]
[Black "Albertini, Luca"]
[WhiteFideId "4137000"]
[BlackFideId "847038"]
[WhiteElo "2235"]
[BlackElo "2084"]
[Result "1/2-1/2"]
[Round "11"]
[TimeControl "180+2"]
[Date "2022.12.27"]
[WhiteClock "0:00:04"]
[BlackClock "0:00:04"]

1. c4 e5 2. g3 Nf6 3. Bg2 d5 4. cxd5 Nxd5 5. Nc3 Nb6 6. Nf3 Nc6 7. O-O Be7 8. a4 a5 9. b3 O-O 10. Bb2 f6 11. Nb5 Be6 12. d3 Qd7 13. Re1 Bb4 14. Bc3 Rfd8 15. Qc2 Rac8 16. Qb2 Bh3 17. Bh1 Nd5 18. Bd2 Bxd2 19. Nxd2 Ncb4 20. Rac1 c6 21. Na3 h5 22. Nac4 Ra8 23. Ne4 h4 24. Qd2 Qg4 25. Nc5 b6 26. Ne4 f5 27. Ng5 f4 28. Nxh3 Qxh3 29. Bg2 Qe6 30. Qb2 hxg3 31. hxg3 Re8 32. Nd2 fxg3 33. fxg3 Qg6 34. Ne4 Ne3 35. Qd2 Nf5 36. Qg5 Qxg5 37. Nxg5 Nd4 38. Bf1 Nxb3 39. Rc3 Nd4 40. e3 Ne6 41. Nxe6 Rxe6 42. Bg2 Rd8 43. Be4 c5 44. Kg2 Red6 45. Rd1 Rf6 46. g4 Rdf8 47. Kg3 Rf2 48. Bf5 Ra2 49. Rh1 Re2 50. Be6+ Rf7 51. Rf1 Rxe3+ 52. Kh4 Nc6 53. Rxf7 Nd4 54. Rf3+ Nxe6 55. Rxe3 Nf4 56. Kg3 Nd5 57. Rxe5 Nxc3 58. Re8+ Kf7 59. Rb8 Nxa4 60. Rb7+ Ke6 61. Kf4 Kf6 62. Rc7 Kg6 63. Rc6+ Kh7 64. Kg5 b5 65. Ra6 c4 66. dxc4 bxc4 67. Rxa5 Nb2 68. Rc5 Nd3 69. Rxc4 Ne5 70. Rc5 Nf3+ 71. Kf4 Nd4 72. Rc4 Ne6+ 73. Kg3 Ng5 74. Rd4 Kg6 75. Rd6+ Kh7 76. Rd4 Kg6 77. Rf4 Ne6 78. Rf1 Ng5 79. Rf4 Ne6 80. Rf5 Ng5 81. Rf1 Ne4+ 82. Kh4 Nf6 83. Rf5 Ne4 84. Ra5 Nf6 85. Ra6 Kf7 86. g5 Ne4 87. Kh5 Ng3+ 88. Kg4 Ne4 89. Ra7+ Kg6 90. Ra6+ Kf7 91. Rc6 Nf2+ 92. Kf4 Nd3+ 93. Kf5 Nb4 94. g6+ Kf8 95. Rc7 Nd5 96. Rf7+ Kg8 97. Ra7 Kf8 98. Ke4 Nf6+ 99. Kf5 Nd5 100. Ke6 Nf4+ 101. Kf5 Nd5 1/2-1/2


[Site "https://www.chess.com"]